 Dungeon Crawl Stone Soup version 0.28-a0-863-g8cecda6153 (webtiles) character file.

Game seed: 3071931369709532133

170 ytrimaz the Chopper (level 5, -1/42 HPs)
             Began as a Formicid Fighter on Nov 17, 2021.
             Was a Follower of Zin.
             Slain by a lemure (3 damage)
             ... led by Pikel
             ... on level 4 of the Dungeon.
             The game lasted 00:04:38 (3119 turns).

ytrimaz the Chopper (Formicid Fighter)              Turns: 3119, Time: 00:04:39

Health: -1/42      AC:  7    Str: 22    XL:     5   Next: 80%
Magic:  5/5        EV:  9    Int:  7    God:    Zin [*.....]
Gold:   50         SH:  4    Dex: 10    Spells: 4/4 levels left

rFire   . . .      SeeInvis +   a - +1 war axe
rCold   . . .      Faith    .   c - +0 buckler
rNeg    . . .      Spirit   .   b - +0 scale mail
rPois   .          Reflect  .   (helmet unavailable)
rElec   .          Harm     .   (no cloak)
rCorr   .          Rampage  .   (no gloves)
Will    .....                   (no boots)
Stlth   ..........              (no amulet)
HPRegen 0.14/turn               (no ring)
MPRegen 0.09/turn               (no ring)

@: mighty
A: permanent stasis, dig shafts and tunnels, antennae 3, four strong arms
a: Dig, Shaft Self, Renounce Religion, Recite, Donate Gold


You were on level 4 of the Dungeon.
You worshipped Zin.
Zin was aware of your devotion.
You visited 1 branch of the dungeon, and saw 4 of its levels.

You collected 79 gold pieces.
You donated 29 gold pieces to Zin.

Inventory:

Hand Weapons
 a - a +1 war axe (weapon)
Missiles
 f - 11 poisoned darts
Armour
 b - a +0 scale mail (worn)
 c - a +0 buckler (worn)
Jewellery
 j - a +4 ring of evasion
Scrolls
 e - a scroll of enchant armour
 h - a scroll of fog
Potions
 d - 2 potions of might


   Skills:
 * Level 4.0 Fighting
 + Level 4.1 Axes
 * Level 1.6 Throwing
 + Level 4.0 Armour
 - Level 3.7 Shields
 * Level 0.5 Invocations


You had 4 spell levels left.
You didn't know any spells.
Your spell library contained the following spells:

 Spells                   Type           Power      Damage    Failure   Level
 Beastly Appendage        Tmut           0%         N/A       75%         1
 Wereblood                Tmut           0%         N/A       87%         2
 Spider Form              Tmut/Pois      0%         N/A       98%         3
 Tukima's Dance           Hex            0%         N/A       98%         3
 Passage of Golubria      Tloc           0%         N/A       100%        4
 Yara's Violent Unravell  Hex/Tmut       0%         3d3       100%        5


Dungeon Overview and Level Annotations

Branches:
Dungeon (4/15)
 Temple: D:4-7

Altars:
Zin

Shops:
D:3 (

Annotations:
D:3 1 runed translucent door, a11behringer's ghost, weakling DrBe
D:4 Pikel


Innate Abilities, Weirdness & Mutations

You cannot be hasted, slowed, berserked, paralysed or teleported.
You can dig through walls and to a lower floor.
You have a pair of large antennae on your head. (SInv)
Your four strong arms can wield two-handed weapons with a shield.


Message History

Okay, then.
An endoplasm comes into view.
You are not zealous enough to affect this audience!
Okay, then.
The lemure hits you. The lemure closely misses you.
You are not zealous enough to affect this audience!
You block the lemure's attack.
Okay, then.
Okay, then.
The lemure hits you.
You see here a +0 robe.
You hit the lemure but do no damage. You barely miss Pikel.
You barely miss the lemure. You hit the lemure.
The lemure hits you but does no damage. You block the lemure's attack.
Pikel hits you with a +0 whip of freezing.
Pikel freezes you. The lemure barely misses you. x2
The lemure closely misses you.
Unknown command.
Pikel closely misses you. The lemure completely misses you.
Pikel closely misses you.
You feel very mighty all of a sudden. Pikel barely misses you.
The lemure hits you. The lemure hits you!
You barely miss Pikel. You closely miss the lemure. You slash the lemure!
Pikel hits you with a +0 whip of freezing.
Pikel freezes you. The lemure hits you!
* * * LOW HITPOINT WARNING * * *
The lemure hits you.
* * * LOW HITPOINT WARNING * * *
Unknown command.
You feel better. Pikel hits you but does no damage. The lemure hits you.
* * * LOW HITPOINT WARNING * * *
The lemure completely misses you.
Unknown command.
You feel better.
Pikel hits you with a +0 whip of freezing.
* * * LOW HITPOINT WARNING * * *
Pikel freezes you.
* * * LOW HITPOINT WARNING * * *
The lemure barely misses you. The lemure hits you.
You die...

#..........
#........)#
#.........#
#.........##.
#............
#.........#
#5J.$.....#
#5K.......#
#@55<.....#
###########


You could see Pikel, 4 lemures and an endoplasm.

Vanquished Creatures
  Robin (D:2)
  A howler monkey skeleton (D:3)
  4 adders
  5 gnolls
  A worm (D:2)
  2 bats (D:1)
  7 endoplasms
  15 goblins
  7 hobgoblins
  6 jackals
  2 ball pythons
  2 frilled lizards
  5 kobolds
  6 rats
64 creatures vanquished.

Vanquished Creatures (others)
  A fungus (D:3)
  A plant (D:3)
  2 withered plants (D:3)
4 creatures vanquished.

Grand Total: 68 creatures vanquished

Notes
Turn   | Place    | Note
-------+----------+-------------------------------------------
     0 | D:1      | ytrimaz the Formicid Fighter began the quest for the Orb.
     0 | D:1      | Reached XP level 1. HP: 18/18 MP: 1/1
   216 | D:1      | Reached XP level 2. HP: 18/24 MP: 2/2
   588 | D:1      | Reached XP level 3. HP: 29/29 MP: 3/3
  1091 | D:2      | Reached skill level 1 in Throwing
  1228 | D:2      | Noticed Robin
  1236 | D:2      | Reached XP level 4. HP: 31/37 MP: 4/4
  1240 | D:2      | Killed Robin
  1860 | D:3      | Found Biganwej's Weapon Emporium.
  1890 | D:3      | Found a glowing silver altar of Zin.
  2172 | D:3      | Reached XP level 5. HP: 38/42 MP: 5/5
  2181 | D:3      | Became a worshipper of Zin the Law-Giver
  2208 | D:3      | Donated 22 gold pieces to Zin
  2266 | D:3      | Reached * piety under Zin
  2283 | D:3      | Found a runed translucent door.
  2283 | D:3      | Noticed a11behringer's ghost (weakling DrBe)
  2589 | D:3      | Found a faded altar of an unknown god.
  3106 | D:4      | Noticed Pikel
  3106 | D:4      | Noticed a lemure
  3106 | D:4      | Noticed a lemure
  3106 | D:4      | Noticed a lemure
  3106 | D:4      | Noticed a lemure
  3119 | D:4      | HP: 2/42 [Pikel (1)]
  3119 | D:4      | Slain by a lemure

Illustrated notes

Levels and vault maps discovered:
D:1:      dpeg_arrival_rhombus, layout_loops_corners
D:2:      layout_rooms, uniq_robin
D:3:      layout_loops_corners, mainiacjoe_overflow_paths, serial_shops,
          nicolae_shop_bloodbath_and_beyond,
          shapermc_ecumenical_altar_acropolis, gammafunk_ghost_grave
D:4:      layout_loops_ring, serial_shops, shop_fountains, grunt_ministairs_1,
          uniq_duvessa, uniq_pikel

Skill      XL: |  1  2  3  4  5 |
---------------+----------------+-----
Throwing       | 1 |  1.6
Axes           | 3 4 |  4.1
Fighting       | 4 |  4.0
Armour         | 4 |  4.0
Shields        | |  3.7
Invocations    | |  0.5

Action                   |  1- 3 |  4- 6 || total
-------------------------+-------+-------++-------
Melee: War axe           |    72 |    72 ||   144
Invok: Recite            |       |     2 ||     2
       Donate Gold       |       |     2 ||     2
  Use: Scroll            |     1 |     6 ||     7
       Potion            |       |     4 ||     4
Armor: Scale mail        |    62 |    29 ||    91
Dodge: Dodged            |    49 |    51 ||   100
Block: Buckler           |    18 |    13 ||    31

Table legend: (Time is in decaauts)
 A = Elapsed time spent in this place.
 B = Non-inter-level travel time spent in this place.
 C = Inter-level travel time spent in this place.
 D = Time resting spent in this place.
 E = Time spent auto-exploring this place.
 F = Levels seen in this place.
 G = Mean time per level.
                   A        B        C        D        E       F      G
               +--------+--------+--------+--------+--------+-----+--------+
         Total |   3171 |   3134 |     37 |      3 |   2659 |   4 |  792.8 |
       Dungeon |   3171 |   3134 |     37 |      3 |   2659 |   4 |  792.8 |
               +--------+--------+--------+--------+--------+-----+--------+

Top non-repeatable levels by time:
     D:3: 1281 daAuts
     D:1: 1098 daAuts
     D:2: 778 daAuts
     D:4: 13 daAuts
